Khor, neutral female gnomish Archeologist ---------------- --------------- ...............| #############.......<......| |..............| |.............| ----------- #................# #Gq..b.........| |..........#############----------------# ###|.............| |.........| # # # --------.-+---- |........+.# # # ### # |.........|# # # # # |.........|### # # ### # |.........| # -----# # -.---# # ----------- ### |...+## ##-.`.|# ------ ---- # |...|## |....#############..*..-#######...| ###|....###################....|# # 0 0 |....|# # |..| #....| ----- # |.(..| +.>| |...| ------ ---- ----- Khor the Field Worker Experience level: 5 Strength: 16 Dexterity: 10 Constitution: 13 Intelligence: 14 Wisdom: 15 Charisma: 9 Health: 0(39) Energy: 26(26) AC: 9 Gold: 765 Moves: 1446 Your Inventory: Coins $ - 765 gold pieces Weapons a - an uncursed +2 bullwhip (alternate weapon; not wielded) Armor b - a blessed +0 leather jacket (being worn) c - an uncursed +0 fedora (being worn) Comestibles d - 6 uncursed food rations Scrolls n - an [uncursed] scroll labeled HACKEM MUCHE [of identify] q - 2 [uncursed] scrolls labeled VENZAR BORGAVVE [of enchant weapon] t - an [uncursed] scroll labeled GNIK SISI VLE [of light] Potions j - an [uncursed] dark green potion [of gain ability] k - a [blessed] dark green potion [of gain ability] o - an [uncursed] yellow potion [of paralysis] Rings m - an [uncursed] shiny ring [of searching] Wands r - an [uncursed] wand of light [0:11] Tools f - an uncursed tinning kit (0:71) h - an uncursed sack i - an uncursed oil lamp (0:1052) p - an uncursed +0 pick-axe (weapon in hand) Gems g - an uncursed touchstone Spells known in the end: Name Level Category Fail Memory a - detect monsters 1 divination 8% [||||||||] Your skills at the end: Fighting Skills Weapon Skills pick-axe [Basic / Expert] sling [Basic / Skilled] whip [Basic / Expert] Spellcasting Skills Final Attributes: You were devoutly aligned. Hunger level was 776. Your alignment was 15 / 17. Monster difficulty range was 0 - 4. Level difficulty was 4. You had infravision. You were stealthy. You were fast. Your luck was zero. You are dead. Vanquished creatures: a rock mole a little dog 2 floating eyes a kobold lord a rothe 2 wererats 3 iguanas an acid blob a brown mold 2 geckos 4 jackals a goblin 2 grid bugs 2 newts 24 creatures vanquished. Voluntary challenges: You were an atheist. You used a wielded weapon 34 times. You read items or engraved 9 times. You put on armor 2 times. You never genocided any monsters. You never polymorphed an object. You never changed form. You used no wishes. You wrote Elbereth's name 4 times. You encountered 1 bones level. You never used any Sokoban shortcuts. Dungeon overview: The Dungeons of Doom: levels 1 to 5 Level 1 a long staircase Level 3 a fountain Level 4 <- You were here History has recorded: On T:1 you entered the Dungeons of Doom to retrieve the Amulet of Yendor! On T:44 you reached level 2 of The Dungeons of Doom. On T:289 you reached level 3 of The Dungeons of Doom. On T:431 you advanced to experience level 2. On T:620 you advanced to experience level 3. On T:840 you advanced to experience level 4. On T:983 you reached level 4 of The Dungeons of Doom. On T:1165 you reached level 5 of The Dungeons of Doom. On T:1176 you advanced to experience level 5. Latest messages: You kill the rock mole! You see here a green gem. The gecko bites! You kill the gecko! You see here a gecko corpse. This gecko corpse tastes terrible! You finish eating the gecko corpse. [3 turns] You feel tough! You must be leading a healthy life-style. Where do you want to travel to? You can't go up here. You miss the rothe. The rothe hits! The rothe bites! (2x) You miss the rothe. The rothe hits! The rothe bites! (2x) You die... The sack is empty. Final status: Goodbye Khor the Archeologist... You died in The Dungeons of Doom on dungeon level 4 with 1675 points, and 765 pieces of gold, after 1446 moves. You were level 5 with a maximum of 39 hit points when you died.